[ AOE2 MATCH · #482198952 ]
UnrankedBulgarians vs Spartans
Rival team · LOSS
[ REPLAY ANALYSIS · EXTRACTED FROM THE RECORDED GAME ]
Feudal
9:59
Castle
23:23
Imperial
41:12
| APM avg | 24.4 |
| APM peak | 60 |
| eAPM avg | 14.4 |
| Villagers / military | 129 / 75 |
Focus
⚔️ 25.8% · 🌾 74.2%
Militia ×32 · Knight ×20 · Konnik ×18 · Trebuchet (Packed) ×5
Feudal
9:51
Castle
24:45
Imperial
—
| APM avg | 33.3 |
| APM peak | 86 |
| eAPM avg | 14.5 |
| Villagers / military | 75 / 51 |
Focus
⚔️ 26.6% · 🌾 73.4%
Militia ×32 · Unknown (2110) ×13 · Spearman ×11 · Battering Ram ×7 · Unknown (2107) ×7 · Mangonel ×1
Match map
Resources at game start + every placement click. Thick line = wall · dashed box = detected house wall. 🟡 gold · ⚪ stone · 🟢 berries · 🔶 boar · ⭕ relic
Inputs per minute
— Snowey - - EmperorNoob97
Build order — Snowey
First 150 of 326 actions detected
| 0:03 | Build | House |
| 0:05 | Build | House |
| 0:05 | Create | Villager (Male) |
| 0:06 | Create | Villager (Male) |
| 0:06 | Create | Villager (Male) |
| 0:33 | Create | Villager (Male) |
| 1:17 | Build | Lumber Camp |
| 1:31 | Create | Villager (Male) |
| 2:03 | Create | Villager (Male) |
| 2:24 | Create | Villager (Male) |
| 3:27 | Build | House |
| 3:28 | Build | House |
| 3:32 | Create | Villager (Male) |
| 3:33 | Create | Villager (Male) |
| 3:55 | Research | Loom |
| 4:43 | Create | Villager (Male) |
| 4:43 | Create | Villager (Male) |
| 4:59 | Create | Villager (Male) |
| 5:14 | Create | Villager (Male) |
| 5:32 | Create | Villager (Male) |
| 6:11 | Build | Barracks |
| 6:23 | Create | Villager (Male) |
| 6:31 | Create | Villager (Male) |
| 6:53 | Create | Villager (Male) |
| 7:13 | Create | Villager (Male) |
| 7:49 | Research | Feudal Age |
| 7:56 | Build | Mining Camp |
| 8:13 | Build | Palisade Wall |
| 8:14 | Build | Palisade Wall |
| 8:21 | Build | Palisade Wall |
| 8:22 | Create | Villager (Male) |
| 8:24 | Create | Militia |
| 8:24 | Create | Militia |
| 9:00 | Build | House |
| 9:02 | Build | House |
| 9:10 | Create | Villager (Male) |
| 9:13 | Create | Militia |
| 9:14 | Create | Militia |
| 9:59 | Age | Feudal Age |
| 10:24 | Create | Militia |
| 10:32 | Build | Blacksmith |
| 10:36 | Build | Palisade Wall |
| 10:38 | Build | Palisade Wall |
| 10:45 | Create | Villager (Male) |
| 10:45 | Create | Villager (Male) |
| 11:37 | Create | Militia |
| 11:40 | Research | Scale Mail Armor |
| 11:48 | Create | Villager (Male) |
| 11:48 | Create | Villager (Male) |
| 11:52 | Build | Mill |
| 12:34 | Build | Watch Tower |
| 12:57 | Create | Militia |
| 12:57 | Create | Militia |
| 12:57 | Create | Militia |
| 13:08 | Create | Militia |
| 13:11 | Create | Villager (Male) |
| 13:11 | Create | Villager (Male) |
| 13:33 | Create | Villager (Male) |
| 13:34 | Create | Villager (Male) |
| 13:47 | Build | Stable |
| 13:53 | Build | Farm |
| 13:53 | Build | Farm |
| 14:08 | Build | House |
| 14:10 | Build | House |
| 14:23 | Build | Stone Wall |
| 14:25 | Build | Stone Wall |
| 14:31 | Create | Militia |
| 14:31 | Create | Militia |
| 14:34 | Create | Villager (Male) |
| 14:34 | Create | Villager (Male) |
| 14:40 | Build | House |
| 14:41 | Build | House |
| 14:42 | Build | House |
| 15:04 | Create | Villager (Male) |
| 15:04 | Create | Villager (Male) |
| 15:14 | Build | Farm |
| 15:18 | Build | Farm |
| 15:23 | Create | Villager (Male) |
| 15:30 | Create | Militia |
| 15:31 | Create | Militia |
| 15:56 | Create | Militia |
| 16:09 | Create | Villager (Male) |
| 16:09 | Create | Villager (Male) |
| 16:21 | Build | Market |
| 16:35 | Create | Militia |
| 16:38 | Create | Villager (Male) |
| 16:44 | Build | Farm |
| 16:44 | Build | Farm |
| 17:05 | Create | Villager (Male) |
| 17:12 | Build | Farm |
| 17:43 | Create | Villager (Male) |
| 17:54 | Build | Farm |
| 17:55 | Build | Farm |
| 17:55 | Build | Farm |
| 18:16 | Create | Villager (Male) |
| 18:16 | Create | Villager (Male) |
| 18:26 | Build | Farm |
| 18:29 | Research | Double-Bit Axe |
| 18:33 | Create | Villager (Male) |
| 18:45 | Create | Villager (Male) |
| 18:54 | Build | Farm |
| 18:56 | Build | Farm |
| 18:57 | Build | Farm |
| 19:05 | Build | Palisade Wall |
| 19:07 | Build | Palisade Wall |
| 19:11 | Build | Farm |
| 19:40 | Build | Farm |
| 19:41 | Build | Farm |
| 20:43 | Research | Castle Age |
| 21:01 | Build | Stable |
| 21:03 | Build | Stable |
| 21:12 | Build | Stone Wall |
| 21:19 | Research | Forging |
| 21:20 | Research | Scale Barding Armor |
| 21:21 | Create | Villager (Male) |
| 21:43 | Build | House |
| 21:45 | Build | House |
| 21:53 | Build | Palisade Wall |
| 22:02 | Create | Villager (Male) |
| 22:06 | Research | Horse Collar |
| 22:26 | Research | Bloodlines |
| 22:34 | Create | Villager (Male) |
| 22:43 | Build | Farm |
| 22:58 | Build | Farm |
| 23:02 | Build | Farm |
| 23:04 | Research | Gold Mining |
| 23:23 | Age | Castle Age |
| 23:25 | Create | Knight |
| 23:26 | Create | Knight |
| 23:26 | Create | Knight |
| 23:26 | Create | Knight |
| 23:42 | Research | Chain Barding Armor |
| 23:51 | Build | Farm |
| 23:58 | Create | Knight |
| 23:59 | Create | Knight |
| 24:11 | Create | Knight |
| 24:18 | Create | Villager (Male) |
| 24:19 | Create | Villager (Male) |
| 24:24 | Create | Villager (Male) |
| 24:52 | Build | Mining Camp |
| 24:54 | Create | Villager (Male) |
| 24:54 | Create | Villager (Male) |
| 24:57 | Create | Knight |
| 24:58 | Create | Knight |
| 25:44 | Create | Knight |
| 25:45 | Create | Knight |
| 25:47 | Create | Villager (Male) |
| 26:40 | Create | Knight |
| 26:41 | Create | Knight |
| 26:41 | Create | Knight |
Build order — EmperorNoob97
First 150 of 234 actions detected
| 0:01 | Create | Villager (Male) ×4 |
| 0:02 | Build | House |
| 0:04 | Build | House |
| 1:32 | Create | Villager (Male) |
| 1:58 | Create | Villager (Male) |
| 2:14 | Create | Villager (Male) |
| 2:37 | Build | Lumber Camp |
| 2:50 | Create | Villager (Male) |
| 3:09 | Create | Villager (Male) |
| 3:41 | Create | Villager (Male) |
| 3:50 | Build | House |
| 4:01 | Create | Villager (Male) |
| 4:35 | Create | Villager (Male) |
| 5:04 | Create | Villager (Male) |
| 5:16 | Create | Villager (Male) |
| 5:59 | Create | Villager (Male) |
| 5:59 | Create | Villager (Male) |
| 6:01 | Build | Mill |
| 6:36 | Create | Villager (Male) |
| 6:42 | Build | House |
| 7:14 | Research | Loom |
| 7:19 | Build | Mining Camp |
| 7:26 | Build | Mining Camp |
| 7:41 | Research | Feudal Age |
| 8:19 | Create | Villager (Male) |
| 8:26 | Build | Barracks |
| 9:24 | Create | Militia |
| 9:24 | Create | Militia |
| 9:51 | Age | Feudal Age |
| 9:54 | Research | Man-at-Arms (upgrade) |
| 10:17 | Build | Blacksmith |
| 10:20 | Research | Double-Bit Axe |
| 10:33 | Create | Militia |
| 10:42 | Create | Villager (Male) |
| 10:47 | Build | House |
| 10:51 | Research | Town Watch |
| 10:56 | Research | Scale Mail Armor |
| 11:26 | Create | Villager (Male) |
| 11:31 | Create | Militia |
| 11:32 | Create | Militia |
| 11:52 | Create | Militia |
| 12:04 | Create | Villager (Male) |
| 12:31 | Create | Villager (Male) |
| 12:53 | Create | Militia |
| 12:58 | Build | Farm |
| 13:17 | Create | Villager (Male) |
| 13:19 | Create | Militia |
| 13:27 | Build | Farm |
| 13:40 | Build | House |
| 13:44 | Build | House |
| 13:49 | Build | Market |
| 13:56 | Build | Palisade Wall |
| 13:57 | Create | Villager (Male) |
| 13:58 | Create | Villager (Male) |
| 14:22 | Create | Militia |
| 14:22 | Create | Militia |
| 14:35 | Create | Villager (Male) |
| 15:04 | Create | Militia |
| 15:05 | Create | Villager (Male) |
| 15:13 | Build | Farm |
| 15:16 | Build | Farm |
| 15:19 | Build | Farm |
| 15:26 | Create | Militia |
| 15:48 | Create | Militia |
| 15:53 | Create | Militia |
| 16:07 | Create | Militia |
| 16:18 | Build | House |
| 16:20 | Build | House |
| 16:23 | Build | Farm |
| 16:29 | Create | Militia |
| 16:39 | Build | Farm |
| 16:39 | Build | Farm |
| 16:42 | Build | Farm |
| 16:54 | Research | Forging |
| 17:08 | Build | Farm |
| 17:08 | Build | Farm |
| 17:13 | Create | Villager (Male) |
| 17:47 | Research | Arson |
| 17:51 | Create | Villager (Male) |
| 18:08 | Create | Militia |
| 18:10 | Build | Farm |
| 18:10 | Build | Farm |
| 18:11 | Build | Farm |
| 18:26 | Create | Villager (Male) |
| 18:40 | Create | Militia |
| 18:45 | Build | Farm |
| 18:59 | Research | Horse Collar |
| 19:08 | Create | Villager (Male) |
| 19:18 | Create | Militia |
| 19:31 | Create | Villager (Male) |
| 19:34 | Create | Militia |
| 19:44 | Create | Militia |
| 19:57 | Create | Militia |
| 20:03 | Create | Villager (Male) |
| 20:04 | Build | Farm |
| 20:05 | Build | Farm |
| 20:10 | Build | House |
| 20:42 | Build | Farm |
| 20:44 | Create | Villager (Male) |
| 21:02 | Create | Villager (Male) |
| 21:24 | Build | Farm |
| 21:40 | Create | Villager (Male) |
| 21:46 | Build | Farm |
| 21:52 | Build | Farm |
| 21:52 | Build | Farm |
| 21:53 | Build | Farm |
| 22:04 | Research | Castle Age |
| 22:29 | Create | Spearman |
| 23:27 | Build | Barracks |
| 23:33 | Build | Barracks |
| 23:36 | Create | Spearman |
| 23:47 | Build | House |
| 23:56 | Build | Palisade Wall |
| 23:59 | Create | Villager (Male) |
| 24:03 | Create | Spearman |
| 24:21 | Build | House |
| 24:45 | Age | Castle Age |
| 24:50 | Research | Pikeman (upgrade) |
| 24:56 | Research | Long Swordsman (upgrade) |
| 25:26 | Research | Tech 1224 |
| 25:39 | Build | House |
| 26:35 | Create | Spearman |
| 26:36 | Create | Spearman |
| 26:36 | Create | Spearman |
| 26:36 | Create | Spearman |
| 26:57 | Research | Squires |
| 27:18 | Research | Wheelbarrow |
| 27:33 | Create | Spearman |
| 27:34 | Create | Spearman |
| 27:36 | Create | Unit 2110 |
| 27:49 | Create | Spearman |
| 27:49 | Create | Spearman |
| 28:18 | Build | Town Center |
| 29:33 | Create | Villager (Male) |
| 29:34 | Create | Villager (Male) |
| 29:50 | Create | Villager (Male) |
| 29:51 | Create | Villager (Male) |
| 29:52 | Create | Villager (Male) |
| 30:33 | Create | Unit 2110 |
| 30:33 | Create | Unit 2110 |
| 30:39 | Build | Palisade Gate |
| 30:41 | Build | House |
| 30:43 | Build | House |
| 30:45 | Create | Villager (Male) |
| 30:46 | Create | Villager (Male) |
| 31:01 | Build | Mining Camp |
| 31:30 | Create | Villager (Male) |
| 31:31 | Create | Villager (Male) |
| 31:43 | Create | Villager (Male) |
| 31:43 | Create | Villager (Male) |
Match timeline
| 6:11 | Snowey · first_building Barracks |
| 8:13 | Snowey · wall_segment Palisade Wall x4 |
| 8:14 | Snowey · wall_segment Palisade Wall x1 |
| 8:21 | Snowey · wall_segment Palisade Wall x3 |
| 8:26 | EmperorNoob97 · first_building Barracks |
| 9:51 | EmperorNoob97 · age_up feudal |
| 9:59 | Snowey · age_up feudal |
| 10:36 | Snowey · wall_segment Palisade Wall x6 |
| 10:38 | Snowey · wall_segment Palisade Wall x4 |
| 13:47 | Snowey · first_building Stable |
| 13:56 | EmperorNoob97 · wall_segment Palisade Wall x1 |
| 14:23 | Snowey · wall_segment Stone Wall x4 |
| 14:25 | Snowey · wall_segment Stone Wall x3 |
| 16:47 | EmperorNoob97 · first_market_buy 100 food |
| 18:19 | Snowey · first_market_buy 100 food |
| 19:05 | Snowey · wall_segment Palisade Wall x2 |
| 19:07 | Snowey · wall_segment Palisade Wall x5 |
| 19:57 | Snowey · first_market_sell 100 wood |
| 21:12 | Snowey · wall_segment Stone Wall x5 |
| 21:53 | Snowey · wall_segment Palisade Wall x6 |
| 23:23 | Snowey · age_up castle |
| 23:56 | EmperorNoob97 · wall_segment Palisade Wall x4 |
| 24:45 | EmperorNoob97 · age_up castle |
| 28:10 | EmperorNoob97 · first_market_sell 100 food |
| 30:02 | Snowey · first_building Krepost |
| 30:51 | Snowey · wall_segment Stone Wall x3 |
| 32:08 | EmperorNoob97 · first_building Siege Workshop |
| 34:54 | Snowey · first_building Castle |
| 35:19 | EmperorNoob97 · first_building Castle |
| 41:12 | Snowey · age_up imperial |
| 41:44 | Snowey · wall_segment Palisade Wall x14 |
| 41:47 | Snowey · wall_segment Palisade Wall x5 |
| 44:41 | EmperorNoob97 · resign |
[ AI ANALYSIS · 1 CREDIT ]
What really happened in this match?
Wolo.gg analyzes every decision: build order, eco, micro, common mistakes by bracket. Personalized analysis on WhatsApp or Discord in 30 seconds.
Civ guide
Bulgarians
Map guide
SLL Haboob (Custom)
Perfil
Jugador #291239